 Dungeon Crawl Stone Soup version 0.15.0-27-gbdb0435 (webtiles) character file.

108 Psiweapon the Ruffian (level 4, -20/25 HPs)
             Began as a Gargoyle Transmuter on Sept 11, 2014.
             Killed from afar by a wretched star (27 damage)
             ... with an orb of energy
             ... on Level 1 of the Abyss.
             The game lasted 00:07:52 (2322 turns).

Psiweapon the Ruffian (Gargoyle Transmuter)         Turns: 2322, Time: 00:07:53

HP -20/25        AC  5     Str 14      XL: 4   Next: 87%
MP   7/7         EV 12     Int 13      God:
Gold 95          SH  0     Dex 11      Spells:  1 memorised,  6 levels left

rFire  . . .     SeeInvis .       - Unarmed
rCold  . . .     Rnd*Rage +     c - +0 robe
rNeg   + . .     rCorr    .     (no shield)
rPois  +         rRot     +     (no helmet)
rElec  +         Spirit   .     (no cloak)
SustAb .         Warding  .     (no gloves)
rMut   .         Rnd*Tele +     (no boots)
Gourm  .                        (no amulet)
MR     .....                    (no ring)
                                i - cursed ring of teleportation

@: not resistant to hostile enchantments, very unstealthy
A: berserk 1, frail 1, negative energy resistance 1, electricity resistance,
unbreathing, petrification resistance, rot immunity, forlorn, AC +3
a: Evoke Teleportation


You were on level 1 of the Abyss.
You were not hungry.

You visited 1 branch of the dungeon, and saw 3 of its levels.
You visited the Abyss 1 time.

You collected 95 gold pieces.

Inventory:

Hand weapons
 e - a +0 dagger
 m - a +0 hunting sling
 p - a +1 mace of distortion
 u - a cursed -3 dagger
Missiles
 b - 49 arrows
 l - 39 stones (quivered)
 s - 58 bolts
Armour
 c - a +0 robe (worn)
 o - a +0 ring mail
Comestibles
 a - 2 bread rations
 h - a beef jerky
 w - 8 fruits
Scrolls
 g - a scroll of identify
 k - 2 scrolls of remove curse
 n - a scroll of teleportation {unknown}
 t - 4 scrolls of amnesia {unknown}
Jewellery
 i - a cursed ring of teleportation (left hand)
 q - an uncursed ring of poison resistance
Potions
 f - a potion of agility
 j - a potion of magic {unknown}
 r - a potion of lignification {unknown}
 x - a potion of restore abilities {unknown}
Books
 d - a book of Changes

   Spells                             Type                      Level
   *Beastly Appendage                 Transmutation                1
   Sticks to Snakes                   Transmutation                2
   Spider Form                        Transmutation/Poison         3
   Ice Form                           Ice/Transmutation            4
   Blade Hands                        Transmutation                5


   Skills:
 + Level 3.0 Fighting
 - Level 1.5 Dodging
 * Level 4.6 Unarmed Combat
 - Level 2.0 Spellcasting
 - Level 1.6 Transmutations


You had 6 spell levels left.
You knew the following spells:

 Your Spells              Type           Power        Failure   Level  Hunger
a - Beastly Appendage     Trmt           #.....       14%         1    ##.....


Dungeon Overview and Level Annotations

Branches:
Dungeon (3/15)

Altars:


Innate Abilities, Weirdness & Mutations

You are resistant to torment.
You are immune to poison.
Your stone body is very resilient (AC +3).
You resist negative energy.
You are resistant to electric shocks.
You can survive without breathing.
You are immune to petrification.
You are immune to rotting.
[You tend to lose your temper in combat.]
[You are frail (-10% HP).]
[You have difficulty communicating with the divine.]


Message History

q - a ring of poison resistance (right hand) Remove which piece of jewellery? (? for menu, Esc to quit)
You remove your ring of poison resistance.
The wretched star glows turbulently.
The orb of energy misses you.
The orb of energy explodes!
The wretched star glows turbulently.
The orb of energy hits you!
Ouch! That really hurt!
* * * LOW HITPOINT WARNING * * *
The orb of energy explodes!
The wretched star glows turbulently.
The orb of energy misses you.
The orb of energy explodes!
The wretched star pulses with an eldritch light!
You feel frail.
You feel forlorn.
You feel a little pissed off.
Found a scale mail.
Found a bronze wand.
The wretched star glows turbulently.
The orb of energy hits you!
Ouch! That really hurt!
You die...

..# .....#. #.....#
....#.# . ##
###.....#..# .# .#
###.........# #..
.####....#....[.#
#....#..#..........#
#.#..#..#.......@#
#...#...*.#.#.##.....#
###...#.#..#..##
#../.# ..##.....##..##
##...# .... #.####..#
.#. ...#.*.# ..### #
.. #...#### .... ....
..#... #.#


You could see a wretched star.

Vanquished Creatures
  4 adders
  2 giant mites
  2 worms (D:2)
  An ooze (D:2)
  A ball python (D:1)
  5 bats
  2 giant cockroaches
  6 hobgoblins (D:1)
  5 jackals
  6 kobolds
  3 giant newts (D:1)
  6 goblins
  2 quokkas (D:2)
  4 rats
49 creatures vanquished.

Vanquished Creatures (others)
  5 toadstools (D:1)
5 creatures vanquished.

Grand Total: 54 creatures vanquished

Notes
Turn   | Place    | Note
--------------------------------------------------------------
     0 | D:1      | Psiweapon, the Gargoyle Transmuter, began the quest for the Orb.
     0 | D:1      | Reached XP level 1. HP: 12/12 MP: 3/3
   174 | D:2      | Reached XP level 2. HP: 9/16 MP: 4/4
   643 | D:1      | Reached XP level 3. HP: 16/21 MP: 4/6
  1188 | D:1      | Reached skill level 4 in Unarmed Combat
  1706 | D:2      | Reached XP level 4. HP: 24/27 MP: 7/7
  2302 | D:3      | Cast into the Abyss (a distortion unwield)
  2302 | Abyss:1  | Found a corrupted altar of Lugonu.
  2304 | Abyss:1  | Noticed a wretched star
  2322 | Abyss:1  | Killed from afar by a wretched star

Action                   |  1- 3 |  4- 6 || total
-------------------------+-------+-------++-------
Melee: Unarmed           |    93 |    40 ||   133
 Fire: Hunting sling     |    77 |    10 ||    87
 Cast: Beastly Appendage |     9 |     2 ||    11
  Use: Scroll            |       |     2 ||     2
  Eat: Chunk             |     2 |     3 ||     5
